Map: [ESL] Equilibrium

Players

Serral - Winner!

  • Race: Zerg Zerg
  • Spawn Location: 1:00

Clem

  • Race: Terran Terran
  • Spawn Location: 11:00

Event: ESL SC2 Masters 2023 Winter (Finals)

VOD

Have the link to the VOD?

Description

Time

  • Played on: Dec. 17, 2023, 3:36 p.m.
  • Length: 13:46

All games in this series

Show
View Real Time Build Order
Export as new Build Order

Serral Zerg - Winner!

Build Orders: Hatch First, Ravager All-In 

Get SALT Encoding   

  12  0:00  Drone  
  13  0:07  Drone  
  14  0:14  Extractor, Drone  
  15  0:37  Hatchery  
  15  0:42  Extractor  
  13  0:43  Drone  
  13  0:48  Overlord  
  15  1:03  Spawning Pool  
  14  1:06  Drone  
  14  1:10  Drone  
  16  1:14  Drone  
  16  1:18  Drone  
  18  1:28  Drone  
  19  1:49  Queen x2  
  19  1:53  Zergling x2  
  24  1:55  Unknown  
  24  1:56  Drone  
  24  2:00  Drone  
  25  2:02  Drone  
  26  2:10  Roach Warren  
  26  2:11  Drone  
  26  2:15  Overlord  
  26  2:21  Drone  
  27  2:23  Overlord  
  27  2:31  Overlord  
  27  2:32  Drone  
  28  2:50  Roach x3  
  34  2:54  Roach x2  
  38  3:02  Roach x3  
  38  3:03  Spore Crawler  
  38  3:05  Roach  
  45  3:13  Roach  
  45  3:15  Overlord  
  47  3:28  Ravager  
  47  3:29  Overlord  
  47  3:32  Drone x4  
  52  3:42  Queen  
  52  3:47  Ravager  
  52  3:48  Hatchery  
  54  3:50  Drone  
  54  3:53  Ravager  
  54  3:54  Drone x2  
  57  3:57  Roach  
  57  3:59  Drone  
  60  4:04  Overlord  
  60  4:05  Drone  
  60  4:09  Drone  
  63  4:10  Drone x2  
  63  4:12  Ravager  
  63  4:14  Overlord  
  65  4:19  Spore Crawler  
  65  4:21  Drone  
  65  4:22  Drone x2  
  68  4:24  Ravager  
  68  4:30  Overlord  
  69  4:35  Drone x3  
  69  4:37  Ravager  
  72  4:42  Drone x2  
  74  4:48  Overlord  
  74  4:52  Ravager  
  73  4:54  Drone  
  73  4:57  Overlord  
  74  5:00  Drone  
  74  5:01  Drone x2  
  74  5:02  Drone  
  74  5:06  Drone  
  75  5:11  Drone  
  75  5:12  Drone  
  62  5:15  Lair, Queen  
  62  5:16  Extractor  
  62  5:17  Extractor  
  62  5:18  Drone x4  
  66  5:22  Queen  
  66  5:24  Overlord  
  66  5:25  Drone  
  66  5:27  Drone x3  
  72  5:34  Drone  
  73  5:39  Drone  
  68  5:43  Evolution Chamber  
  68  5:44  Evolution Chamber  
  68  5:50  Roach x4  
  68  5:51  Queen, Hatchery  
  68  5:54  Roach x2  
  79  5:59  Drone  
  79  6:00  Drone x4  
  84  6:05  Drone  
  84  6:06  Drone  
  84  6:11  Zerg Missile Weapons Level 1, Zerg Ground Armor Level 1  
  86  6:12  Glial Reconstitution  
  86  6:14  Extractor  
  86  6:15  Extractor  
  84  6:18  Drone  
  84  6:20  Metabolic Boost  
  84  6:21  Overlord x2  
  85  6:27  Roach x2  
  89  6:33  Roach x3  
  89  6:38  Roach  
  89  6:39  Roach x2  
  101  6:43  Drone x8  
  109  6:48  Infestation Pit  
  108  6:55  Drone  
  108  6:56  Overlord  
  108  6:58  Baneling Nest, Roach  
  110  7:02  Roach x3  
  110  7:03  Overlord  
  110  7:04  Drone x2  
  110  7:05  Drone x3  
  121  7:09  Overlord  
  121  7:12  Drone x3  
  124  7:19  Drone x3  
  124  7:20  Ravager  
  124  7:21  Drone  
  129  7:25  Overlord  
  129  7:26  Hive  
  130  7:30  Roach x6  
  140  7:39  Zergling x10  
  140  7:42  Hatchery  
  140  7:43  Centrifugal Hooks  
  142  7:45  Extractor  
  142  7:46  Extractor  
  142  7:47  Drone x3  
  142  7:48  Drone x2  
  145  7:52  Zergling x8  
  149  8:00  Overlord x4  
  149  8:01  Overlord  
  149  8:05  Zergling x2  
  149  8:06  Zergling x6  
  149  8:09  Zerg Ground Armor Level 2  
  153  8:14  Zergling x4  
  153  8:15  Zergling x10  
  153  8:19  Pneumatized Carapace  
  160  8:22  Ravager x2  
  160  8:23  Baneling x7  
  160  8:24  Baneling  
  162  8:27  Drone  
  162  8:28  Drone x5  
  162  8:30  Zergling x10  
  162  8:31  Zergling x2  
  172  8:38  Zergling x2  
  172  8:39  Zergling x2  
  174  8:41  Zergling x10  
  174  8:43  Adrenal Glands  
  174  8:47  Baneling  
  174  8:48  Baneling x3  
  179  8:49  Baneling x2  
  179  8:50  Viper x2  
  179  8:51  Evolution Chamber  
  183  8:57  Zergling x12  
  183  9:02  Baneling x2  
  189  9:03  Overlord  
  189  9:04  Ultralisk Cavern  
  189  9:09  Zergling x22  
  199  9:16  Zergling x10  
  200  9:23  Zerg Melee Weapons Level 1  
  199  9:28  Zergling x6  
  199  9:34  Spore Crawler  
  195  9:46  Zergling x10  
  195  9:49  Baneling x2  
  195  9:50  Overseer x4, Baneling x16  
  200  9:54  Hatchery  
  200  9:57  Chitinous Plating  
  197  10:05  Drone, Hatchery  
  197  10:06  Drone x2  
  199  10:08  Extractor  
  199  10:11  Infestor  
  199  10:13  Burrow  
  188  10:40  Zergling x38  
  188  10:41  Viper  
  186  10:48  Ultralisk  
  171  10:59  Drone x3, Extractor  
  171  11:00  Zergling x4, Ultralisk  
  171  11:01  Zergling x34  
  171  11:04  Infestor  
  195  11:13  Zergling x8  
  195  11:15  Overseer, Anabolic Synthesis  
  199  11:18  Baneling x16  
  199  11:19  Baneling x7  
  199  11:43  Zergling x4  
  199  11:44  Zergling x46  
  197  11:48  Zergling x2  
  197  11:49  Zergling x2  
  199  11:59  Zergling x18  
  198  12:12  Zergling x2  
  198  12:13  Zergling x42  
  198  12:15  Ultralisk  
  197  12:16  Zergling x8  
  180  12:26  Zergling x12, Ultralisk x2  
  187  12:31  Drone x2  
  187  12:32  Infestor  
  187  12:34  Baneling x5  
  187  12:35  Baneling x11  
  190  12:43  Drone  
  191  12:45  Drone x8  
  199  12:54  Spore Crawler  
  199  12:56  Baneling x4  
  198  13:04  Baneling  
  194  13:24  Zergling x24  
  188  13:33  Spore Crawler  
Show
View Real Time Build Order
Export as new Build Order

Clem Terran 

Build Orders: Reaper Expand 

Get SALT Encoding   

  12  0:00  SCV  
  13  0:12  SCV  
  14  0:17  Supply Depot  
  14  0:24  SCV  
  15  0:38  SCV  
  15  0:40  Barracks  
  16  0:43  Refinery  
  16  0:51  SCV  
  17  1:03  SCV  
  18  1:15  SCV  
  19  1:27  Orbital Command, Reaper  
  20  1:37  Command Center  
  20  1:45  Supply Depot  
  20  1:53  SCV  
  21  1:59  Reaper  
  22  2:05  SCV  
  23  2:14  Refinery  
  23  2:17  SCV  
  23  2:20  Bunker  
  23  2:22  Factory  
  24  2:29  SCV  
  25  2:39  Barracks Reactor  
  25  2:41  SCV  
  26  2:53  SCV  
  26  2:56  Command Center  
  27  3:06  Orbital Command  
  27  3:19  Cyclone  
  30  3:20  Cyclone  
  30  3:21  SCV  
  31  3:32  SCV  
  31  3:33  Barracks Tech Lab, SCV  
  32  3:44  SCV  
  32  3:45  SCV  
  34  3:51  Cyclone  
  34  3:52  Cyclone  
  34  3:53  Marine  
  39  3:56  Stimpack, SCV  
  39  3:59  SCV  
  41  4:08  Orbital Command, SCV  
  42  4:11  SCV  
  42  4:13  Marine  
  44  4:20  SCV  
  44  4:21  Barracks  
  45  4:25  SCV  
  45  4:26  Cyclone  
  45  4:28  Cyclone  
  50  4:32  SCV  
  50  4:33  Marine  
  50  4:35  SCV  
  50  4:37  SCV  
  52  4:44  SCV  
  49  4:47  SCV  
  49  4:49  SCV  
  49  4:51  Marine  
  50  4:59  SCV  
  47  5:00  Cyclone  
  47  5:01  SCV  
  47  5:03  Orbital Command  
  47  5:09  Marine  
  47  5:11  SCV  
  40  5:17  SCV  
  40  5:20  Barracks Reactor  
  40  5:22  Starport  
  40  5:23  SCV  
  40  5:27  Marine  
  42  5:29  SCV  
  42  5:31  SCV  
  43  5:36  SCV  
  43  5:37  Combat Shield  
  43  5:41  SCV  
  44  5:45  Marine  
  44  5:46  Barracks  
  44  5:47  SCV  
  46  5:50  SCV  
  46  5:52  Supply Depot  
  46  5:53  SCV  
  48  5:57  Marine x2  
  48  5:58  Factory Tech Lab  
  48  5:59  SCV, Refinery  
  48  6:02  Marine  
  48  6:03  SCV  
  53  6:05  SCV  
  53  6:07  Engineering Bay  
  53  6:09  Engineering Bay  
  54  6:11  Medivac x2  
  54  6:12  SCV  
  54  6:15  Orbital Command  
  54  6:16  Supply Depot  
  54  6:17  SCV, Marine  
  61  6:19  Marine  
  61  6:21  Siege Tank  
  61  6:23  Marine  
  61  6:24  SCV  
  61  6:25  Refinery  
  67  6:29  SCV  
  68  6:33  Barracks Reactor  
  68  6:35  Terran Infantry Weapons Level 1, Marine  
  68  6:37  SCV  
  68  6:39  Supply Depot  
  70  6:41  Barracks, SCV  
  70  6:42  Barracks, SCV  
  70  6:46  Terran Infantry Armor Level 1  
  72  6:49  SCV  
  72  6:50  Marine  
  72  6:51  Marine  
  72  6:53  SCV  
  72  6:54  SCV  
  77  7:00  Siege Tank  
  77  7:01  Supply Depot, Marine, SCV  
  81  7:02  Supply Depot  
  81  7:05  SCV  
  81  7:06  Supply Depot, SCV  
  84  7:08  Marine  
  85  7:22  Marine x4  
  85  7:23  SCV x2, Medivac x2  
  85  7:26  Marine  
  85  7:27  SCV  
  85  7:29  Supply Depot  
  96  7:31  Barracks Reactor x2, Refinery x2  
  96  7:35  SCV x2  
  96  7:36  Siege Tank  
  99  7:39  SCV  
  99  7:40  Marine x4  
  99  7:43  Factory  
  99  7:44  Marine  
  103  7:47  SCV x2  
  103  7:49  Supply Depot  
  106  7:51  SCV  
  106  7:52  Supply Depot  
  107  7:58  Marine x4  
  107  7:59  Armory, SCV  
  107  8:00  SCV  
  107  8:01  Supply Depot  
  107  8:02  Marine, Medivac  
  116  8:07  SCV  
  116  8:10  Medivac, Marine x4  
  123  8:15  Siege Tank  
  123  8:16  Marine x4  
  123  8:18  Supply Depot  
  130  8:24  Command Center  
  130  8:25  Supply Depot  
  130  8:29  Factory Reactor  
  130  8:32  Supply Depot, Marine x2  
  130  8:33  Marine x3  
  130  8:34  Marine  
  135  8:37  Medivac  
  135  8:38  Marine x2  
  135  8:39  Supply Depot  
  135  8:40  Marine  
  141  8:44  Medivac  
  141  8:45  Sensor Tower  
  143  8:53  Siege Tank, Marine x5  
  143  8:54  Marine  
  148  8:56  Marine  
  148  8:57  Terran Infantry Weapons Level 2  
  148  9:00  Marine  
  150  9:08  Barracks x2  
  150  9:10  Barracks  
  150  9:11  Widow Mine x2  
  150  9:14  Drilling Claws  
  152  9:22  Liberator  
  152  9:24  Terran Infantry Armor Level 2, Marine  
  155  9:25  Marine x3  
  155  9:28  Marine x2  
  160  9:31  Supply Depot  
  160  9:32  Supply Depot  
  160  9:33  SCV  
  160  9:34  SCV x2  
  163  9:39  Siege Tank, Marine  
  163  9:44  Marine  
  168  9:45  SCV  
  168  9:47  Supply Depot  
  168  9:49  Supply Depot, Marine  
  168  9:50  Widow Mine  
  168  9:51  Widow Mine  
  174  9:54  Barracks Tech Lab  
  174  9:56  Supply Depot, Ghost Academy  
  174  9:57  Barracks Tech Lab  
  174  9:58  Barracks Tech Lab  
  174  9:59  Medivac  
  174  10:01  Terran Vehicle And Ship Armor Level 1, SCV  
  174  10:02  SCV  
  176  10:07  Unknown  
  176  10:08  Planetary Fortress  
  176  10:09  SCV  
  176  10:11  Widow Mine  
  176  10:13  SCV  
  180  10:14  SCV  
  180  10:18  Sensor Tower  
  181  10:21  Widow Mine, Marine x2  
  185  10:31  Marine x2, Widow Mine  
  185  10:32  Siege Tank  
  185  10:33  Medivac  
  185  10:34  Medivac  
  185  10:37  Marine x3  
  185  10:38  Marine x2  
  185  10:39  Marine  
  185  10:41  Marine x2  
  185  10:42  Marine  
  165  10:43  Marine, Widow Mine  
  149  10:51  Marine  
  149  10:52  Widow Mine, Marine  
  149  10:56  Marauder  
  143  11:00  Command Center  
  143  11:02  Marine x2, Marauder x2  
  149  11:05  SCV  
  149  11:06  SCV x2  
  149  11:07  Marine x2  
  149  11:09  Marauder  
  156  11:13  Marine  
  156  11:17  Marauder, SCV  
  161  11:19  Widow Mine x3  
  161  11:22  Ghost  
  161  11:24  Ghost  
  170  11:30  Missile Turret  
  170  11:31  Ghost  
  170  11:32  Marine x3  
  173  11:33  Sensor Tower, Marine  
  173  11:34  Marine  
  177  11:41  Widow Mine x2  
  177  11:46  Widow Mine  
  165  11:47  Ghost  
  165  11:48  Liberator x2  
  165  11:50  Marine x2  
  165  11:51  Ghost  
  177  11:58  Command Center  
  173  12:02  Widow Mine  
  173  12:03  Widow Mine  
  173  12:04  Ghost x2  
  175  12:12  Widow Mine  
  175  12:13  Marine  
  175  12:15  Ghost  
  151  12:19  Ghost  
  131  12:22  Marine  
  131  12:23  Widow Mine, Marine  
  131  12:24  Marine x4  
  131  12:25  Widow Mine  
  139  12:30  Marine  
  139  12:33  Ghost, Marauder, Widow Mine  
  139  12:35  SCV x3  
  149  12:43  Marine  
  150  12:47  SCV  
  150  12:48  SCV  
  150  12:49  Marine  
  153  12:57  Widow Mine x2  
  153  12:58  SCV  
  158  12:59  SCV  
  159  13:06  SCV  
  159  13:07  Command Center  
  160  13:13  Refinery  
  160  13:16  Refinery  
  160  13:19  Widow Mine  
  158  13:20  Marine x3  
  158  13:24  Marauder  
Tags
 
Add a new tag
Caveats
  • Supply blocks, unpowered buildings, or Contaminate may cause inaccurate times.
  • Supply counts are checked every 10 seconds.